TOP OF THE 1ST |
Tijuana Toros batting - Pitching for Americus Braves : RHP Dave Quick
|
Pitching: RHP Dave Quick
|
|
Batting: RHB Jerry Afghani
|
0-0: Ball 1-0: Called Strike 1-1: Foul Ball, location: 2F 1-2: Ball 2-2: Strikes out swinging
|
Batting: RHB Guo Kwok
|
0-0: Called Strike 0-1: Ball 1-1: Ball 2-1: Swinging Strike 2-2: Ball 3-2: Foul Ball, location: 2F 3-2: Strikes out swinging
|
Batting: RHB Shiki Nomoto
|
0-0: Ball 1-0: Ball 2-0: Called Strike 2-1: Swinging Strike 2-2: Foul Ball, location: 2F 2-2: Ball 3-2: Foul Ball, location: 2F 3-2: Foul Ball, location: 2F 3-2: Strikes out swinging
|
Top of the 1st over - 0 runs, 0 hits, 0 errors, 0 left on base; Tijuana 0 - Americus 0 |
BOTTOM OF THE 1ST |
Americus Braves batting - Pitching for Tijuana Toros : LHP Antonio Sandoval
|
Pitching: LHP Antonio Sandoval
|
|
Batting: RHB Ryan Cole
|
0-0: Ball 1-0: Called Strike 1-1: Foul Ball, location: 2F 1-2: Foul Ball, location: 2F 1-2: Ball 2-2: Ground out 6-3 (Groundball, 6, EV 88.1 MPH)
|
Batting: RHB Alex Guerra
|
0-0: SINGLE (Groundball, 6MD, EV 105.6 MPH)
|
Batting: LHB Garret Mathis
|
0-0: Called Strike 0-1: Swinging Strike 0-2: Ball 1-2: Strikes out swinging
|
Batting: RHB Wilson Salgado
|
0-0: Ball 1-0: Ball 2-0: Foul Ball, location: 2F 2-1: Fly out, F7 (Flyball, 7D, EV 95.0 MPH)
|
Bottom of the 1st over - 0 runs, 1 hit, 0 errors, 1 left on base; Tijuana 0 - Americus 0 |
TOP OF THE 2ND |
Tijuana Toros batting - Pitching for Americus Braves : RHP Dave Quick
|
Batting: RHB John Hanson
|
0-0: Called Strike 0-1: Swinging Strike 0-2: Foul Ball, location: 2F 0-2: Strikes out swinging
|
Batting: RHB Mario Diaz
|
0-0: Called Strike 0-1: Swinging Strike 0-2: Ball 1-2: Ball 2-2: Foul Ball, location: 2F 2-2: Ball 3-2: Base on Balls
|
Batting: RHB Yok-sing Zhào
|
0-0: Ball 1-0: Ball 2-0: Fielders Choice at 2nd, 4-6 (Groundball, 34, EV 76.9 MPH)
|
Batting: RHB Gaylord Wray
|
0-0: Fielders Choice at 2nd, 6-4 (Groundball, 6, EV 105.6 MPH)
|
Top of the 2nd over - 0 runs, 0 hits, 0 errors, 1 left on base; Tijuana 0 - Americus 0 |
BOTTOM OF THE 2ND |
Americus Braves batting - Pitching for Tijuana Toros : LHP Antonio Sandoval
|
Batting: RHB Ricardo Joya
|
0-0: DOUBLE (Line Drive, 78XD, EV 103.1 MPH)
|
Batting: RHB Bill Horne
|
0-0: Swinging Strike 0-1: Called Strike 0-2: Strikes out swinging, 2-3 out at first.
|
Batting: RHB Jose Florez
|
0-0: Ball 1-0: Foul Ball, location: 2F 1-1: Ball 2-1: Ball 3-1: Called Strike 3-2: Foul Ball, location: 2F 3-2: Strikes out swinging
|
Batting: RHB Juan Barela
|
0-0: Called Strike 0-1: Ball 1-1: Ball 2-1: Ball 3-1: Base on Balls
|
Batting: LHB Pappy Sterile
|
0-0: Ball 1-0: Ball 2-0: Ball 3-0: Base on Balls Ricardo Joya to third Juan Barela to second
|
Batting: RHB Ryan Cole
|
0-0: Ball 1-0: Ball 2-0: Called Strike 2-1: Ball 3-1: Base on Balls Ricardo Joya scores Juan Barela to third Pappy Sterile to second
|
Batting: RHB Alex Guerra
|
0-0: Ball 1-0: Foul Ball, location: 2F 1-1: Ball 2-1: Ground out 1-3 (Groundball, 34S, EV 72.5 MPH)
|
Bottom of the 2nd over - 1 run, 1 hit, 0 errors, 3 left on base; Tijuana 0 - Americus 1 |
TOP OF THE 3RD |
Tijuana Toros batting - Pitching for Americus Braves : RHP Dave Quick
|
Batting: RHB Clay Holgate
|
0-0: Called Strike 0-1: Called Strike 0-2: Strikes out looking
|
Batting: LHB Gerardo Arriaga
|
0-0: Called Strike 0-1: Called Strike 0-2: Strikes out looking
|
Batting: RHB Jerry Afghani
|
0-0: Ball 1-0: Fly out, F9 (Flyball, 89D, EV 92.5 MPH)
|
Top of the 3rd over - 0 runs, 0 hits, 0 errors, 0 left on base; Tijuana 0 - Americus 1 |
BOTTOM OF THE 3RD |
Americus Braves batting - Pitching for Tijuana Toros : LHP Antonio Sandoval
|
Batting: LHB Garret Mathis
|
0-0: Swinging Strike 0-1: Ground out 3-1 (Groundball, 34, EV 86.2 MPH)
|
Batting: RHB Wilson Salgado
|
0-0: Ball 1-0: Ball 2-0: Called Strike 2-1: Fly out, F8 (Line Drive, 8LS, EV 97.5 MPH)
|
Batting: RHB Ricardo Joya
|
0-0: Ball 1-0: Foul Ball, location: 2F 1-1: Ball 2-1: Ball 3-1: SINGLE (Groundball, 5D, EV 95.0 MPH)
|
Batting: RHB Bill Horne
|
0-0: Called Strike 0-1: Ball 1-1: Reached on error, E5 (Groundball, 5, EV 85.0 MPH) Ricardo Joya to second
|
Batting: RHB Jose Florez
|
0-0: Ball 1-0: Swinging Strike 1-1: Swinging Strike 1-2: Strikes out swinging
|
Bottom of the 3rd over - 0 runs, 1 hit, 1 error, 2 left on base; Tijuana 0 - Americus 1 |
TOP OF THE 4TH |
Tijuana Toros batting - Pitching for Americus Braves : RHP Dave Quick
|
Batting: RHB Guo Kwok
|
0-0: Ball 1-0: Swinging Strike 1-1: Fly out, F7 (Flyball, 7D, EV 94.4 MPH)
|
Batting: RHB Shiki Nomoto
|
0-0: Ball 1-0: Called Strike 1-1: Fly out, F3 (Popup, 3, EV 60.0 MPH)
|
Batting: RHB John Hanson
|
0-0: Ball 1-0: Called Strike 1-1: Called Strike 1-2: Foul Ball, location: 2F 1-2: Ball 2-2: Foul Ball, location: 2F 2-2: Fly out, F4 (Popup, 4D, EV 50.0 MPH)
|
Top of the 4th over - 0 runs, 0 hits, 0 errors, 0 left on base; Tijuana 0 - Americus 1 |
BOTTOM OF THE 4TH |
Americus Braves batting - Pitching for Tijuana Toros : LHP Antonio Sandoval
|
Batting: RHB Juan Barela
|
0-0: Called Strike 0-1: Ball 1-1: Foul Ball, location: 2F 1-2: Strikes out looking
|
Batting: LHB Pappy Sterile
|
0-0: Ball 1-0: Called Strike 1-1: Foul Ball, location: 2F 1-2: Ball 2-2: Strikes out looking
|
Batting: RHB Ryan Cole
|
0-0: Called Strike 0-1: Foul Ball, location: 2F 0-2: Ball 1-2: Strikes out looking
|
Bottom of the 4th over - 0 runs, 0 hits, 0 errors, 0 left on base; Tijuana 0 - Americus 1 |
TOP OF THE 5TH |
Tijuana Toros batting - Pitching for Americus Braves : RHP Dave Quick
|
Batting: RHB Mario Diaz
|
0-0: Ball 1-0: Called Strike 1-1: Ground out 4-3 (Groundball, 34, EV 81.2 MPH)
|
Batting: RHB Yok-sing Zhào
|
0-0: Ground out U3 (Groundball, 34, EV 86.9 MPH)
|
Batting: RHB Gaylord Wray
|
0-0: Ball 1-0: Called Strike 1-1: Ball 2-1: Ball 3-1: Swinging Strike 3-2: Strikes out looking
|
Top of the 5th over - 0 runs, 0 hits, 0 errors, 0 left on base; Tijuana 0 - Americus 1 |
BOTTOM OF THE 5TH |
Americus Braves batting - Pitching for Tijuana Toros : LHP Antonio Sandoval
|
Batting: RHB Alex Guerra
|
0-0: Called Strike 0-1: Called Strike 0-2: Foul Ball, location: 2F 0-2: Strikes out looking
|
Batting: LHB Garret Mathis
|
0-0: Swinging Strike 0-1: Foul Ball, location: 2F 0-2: SOLO HOME RUN (Line Drive, 9LD, EV 98.1 MPH), Distance : 371 ft
|
Batting: RHB Wilson Salgado
|
0-0: Ball 1-0: Foul Ball, location: 2F 1-1: Called Strike 1-2: Foul Ball, location: 2F 1-2: Strikes out swinging
|
Batting: RHB Ricardo Joya
|
0-0: Ball 1-0: Called Strike 1-1: Called Strike 1-2: Strikes out swinging
|
Bottom of the 5th over - 1 run, 1 hit, 0 errors, 0 left on base; Tijuana 0 - Americus 2 |
TOP OF THE 6TH |
Tijuana Toros batting - Pitching for Americus Braves : RHP Dave Quick
|
Batting: RHB Clay Holgate
|
0-0: Ball 1-0: Ball 2-0: Swinging Strike 2-1: Ball 3-1: Base on Balls
|
Batting: LHB Gerardo Arriaga
|
0-0: Ball 1-0: Ball 2-0: Ball 3-0: Called Strike 3-1: Swinging Strike 3-2: Strikes out looking
|
Batting: RHB Jerry Afghani
|
0-0: Called Strike 0-1: Ball 1-1: Fly out, F8 (Line Drive, 8LM, EV 94.4 MPH)
|
Batting: RHB Guo Kwok
|
0-0: Ball 1-0: Called Strike 1-1: Ball 2-1: Foul Ball, location: 2F 2-2: Fielders Choice at 2nd, 6-4 (Groundball, 6, EV 81.2 MPH)
|
Top of the 6th over - 0 runs, 0 hits, 0 errors, 1 left on base; Tijuana 0 - Americus 2 |
BOTTOM OF THE 6TH |
Americus Braves batting - Pitching for Tijuana Toros : LHP Antonio Sandoval
|
Batting: RHB Bill Horne
|
0-0: Called Strike 0-1: Ball 1-1: Called Strike 1-2: Ball 2-2: Foul Ball, location: 2F 2-2: Strikes out swinging
|
Batting: RHB Jose Florez
|
0-0: Ball 1-0: Fly out, F7 (Flyball, 7, EV 98.8 MPH)
|
Batting: RHB Juan Barela
|
0-0: Called Strike 0-1: Called Strike 0-2: Strikes out swinging
|
Bottom of the 6th over - 0 runs, 0 hits, 0 errors, 0 left on base; Tijuana 0 - Americus 2 |
TOP OF THE 7TH |
Tijuana Toros batting - Pitching for Americus Braves : RHP Dave Quick
|
Batting: RHB Shiki Nomoto
|
0-0: Foul Ball, location: 2F 0-1: SINGLE (Groundball, 56, EV 107.5 MPH) (infield hit)
|
Batting: RHB John Hanson
|
0-0: Ball Shiki Nomoto steals 2nd base 1-0: Ball 2-0: Foul Ball, location: 2F 2-1: Ball 3-1: Base on Balls
|
Pinch Hitting: RHB Tan-ming Kwan
|
0-0: Called Strike 0-1: SINGLE (Groundball, 4MD, EV 109.4 MPH) Shiki Nomoto to third John Hanson to second
|
Pinch Hitting: RHB Tony Vasquez
|
0-0: SINGLE (Line Drive, 8RS, EV 96.9 MPH) Shiki Nomoto scores John Hanson to third Tan-ming Kwan to second
|
Batting: RHB Gaylord Wray
|
0-0: Called Strike 0-1: Swinging Strike 0-2: Ball 1-2: Ball 2-2: Strikes out swinging
|
Batting: RHB Jaylen North
|
0-0: SINGLE (Line Drive, 89S, EV 106.2 MPH) John Hanson scores Tan-ming Kwan to third Tony Vasquez to second
|
Batting: LHB Gerardo Arriaga
|
0-0: GRAND SLAM HOME RUN (Line Drive, 78XD, EV 111.2 MPH), Distance : 436 ft
|
Pitching: LHP Ben Woods
|
|
Batting: RHB Jerry Afghani
|
0-0: Called Strike 0-1: Ball 1-1: Ground out 6-3 (Groundball, 6, EV 101.2 MPH)
|
Batting: RHB Guo Kwok
|
0-0: Swinging Strike 0-1: Ground out 6-3 (Groundball, 6, EV 98.1 MPH)
|
Top of the 7th over - 6 runs, 5 hits, 0 errors, 0 left on base; Tijuana 6 - Americus 2 |
BOTTOM OF THE 7TH |
Americus Braves batting - Pitching for Tijuana Toros : LHP Antonio Sandoval
|
Pitching: RHP Karl Sullivan
|
|
Now at 3B: Tan-ming Kwan
|
|
Now in LF: Will Barksdale
|
|
Now in CF: Jerry Afghani
|
|
Batting: LHB Pappy Sterile
|
0-0: Fly out, F7 (Flyball, 7S, EV 87.5 MPH)
|
Batting: RHB Ryan Cole
|
0-0: Fly out, F8 (Flyball, 8LXD, EV 96.9 MPH)
|
Batting: RHB Alex Guerra
|
0-0: Foul Ball, location: 2F 0-1: Ball 1-1: Foul Ball, location: 2F 1-2: Ball 2-2: Ground out 5-3 (Groundball, 56, EV 97.5 MPH)
|
Bottom of the 7th over - 0 runs, 0 hits, 0 errors, 0 left on base; Tijuana 6 - Americus 2 |
TOP OF THE 8TH |
Tijuana Toros batting - Pitching for Americus Braves : LHP Ben Woods
|
Batting: RHB Shiki Nomoto
|
0-0: Called Strike 0-1: Ground out 6-3 (Groundball, 6, EV 98.8 MPH)
|
Batting: RHB John Hanson
|
0-0: DOUBLE (Line Drive, 8LXD, EV 101.9 MPH)
|
Batting: RHB Tan-ming Kwan
|
0-0: Called Strike 0-1: Ball 1-1: Foul Ball, location: 2F 1-2: Strikes out looking
|
Batting: RHB Will Barksdale
|
0-0: Ball 1-0: Foul Ball, location: 2F 1-1: Foul Ball, location: 2F 1-2: Strikes out looking
|
Top of the 8th over - 0 runs, 1 hit, 0 errors, 1 left on base; Tijuana 6 - Americus 2 |
BOTTOM OF THE 8TH |
Americus Braves batting - Pitching for Tijuana Toros : RHP Karl Sullivan
|
Batting: LHB Garret Mathis
|
0-0: Called Strike 0-1: Ball 1-1: Fly out, F7 (Flyball, 7D, EV 78.1 MPH)
|
Batting: RHB Wilson Salgado
|
0-0: Called Strike 0-1: Ball 1-1: Ground out 6-3 (Groundball, 6, EV 87.5 MPH)
|
Batting: RHB Ricardo Joya
|
0-0: Fly out, F9 (Flyball, 9S, EV 91.2 MPH)
|
Bottom of the 8th over - 0 runs, 0 hits, 0 errors, 0 left on base; Tijuana 6 - Americus 2 |
TOP OF THE 9TH |
Tijuana Toros batting - Pitching for Americus Braves : LHP Ben Woods
|
Batting: RHB Gaylord Wray
|
0-0: Ball 1-0: Foul Ball, location: 2F 1-1: Ball 2-1: Foul Ball, location: 2F 2-2: Foul Ball, location: 2F 2-2: Strikes out looking
|
Batting: RHB Jaylen North
|
0-0: Ball 1-0: Ball 2-0: Swinging Strike 2-1: Ball 3-1: Foul Ball, location: 2F 3-2: Foul Ball, location: 2F 3-2: Base on Balls
|
Pitching: RHP Aaron Frey
|
|
Batting: LHB Gerardo Arriaga
|
0-0: Called Strike 0-1: SINGLE (Line Drive, 56D, EV 95.0 MPH) Jaylen North to second
|
Batting: RHB Jerry Afghani
|
0-0: Called Strike 0-1: Ball 1-1: Foul Ball, location: 2F 1-2: Ball 2-2: Ball 3-2: SINGLE (Line Drive, 6D, EV 100.0 MPH) Jaylen North to third Gerardo Arriaga to second
|
Batting: RHB Guo Kwok
|
0-0: Called Strike 0-1: Foul Ball, location: 2F 0-2: Strikes out swinging
|
Batting: RHB Shiki Nomoto
|
0-0: Ball 1-0: Ball 2-0: Called Strike 2-1: Ball 3-1: Swinging Strike 3-2: Foul Ball, location: 2F 3-2: Strikes out looking
|
Top of the 9th over - 0 runs, 2 hits, 0 errors, 3 left on base; Tijuana 6 - Americus 2 |
BOTTOM OF THE 9TH |
Americus Braves batting - Pitching for Tijuana Toros : RHP Karl Sullivan
|
Pitching: RHP Bill Dyck
|
|
Batting: RHB Bill Horne
|
0-0: Ball 1-0: Ball 2-0: Ball 3-0: Called Strike 3-1: Fly out, F8 (Flyball, 8RM, EV 91.9 MPH)
|
Pinch Hitting: RHB Josh Maxwell
|
0-0: Called Strike 0-1: Called Strike 0-2: Foul Ball, location: 2F 0-2: Ground out 3-1 (Groundball, 13, EV 84.4 MPH)
|
Pinch Hitting: RHB Chris Foss
|
0-0: Called Strike 0-1: Foul Ball, location: 2F 0-2: Ball 1-2: Foul Ball, location: 2F 1-2: Foul Ball, location: 2F 1-2: Strikes out swinging
|
Bottom of the 9th over - 0 runs, 0 hits, 0 errors, 0 left on base; Tijuana 6 - Americus 2 |
|